 Dungeon Sprint DCSS version 0.22-a0-367-gb72a975 (webtiles) character file.

1045 emperorscorpion the Markscentaur (level 8, -3/71 HPs)
             Began as a Centaur Hunter on Apr 22, 2018.
             Was a Believer of Okawaru.
             Slain by a cyan ugly thing (12 damage)
             ... in the Dungeon (Sprint IX: "|||||||||||||||||||||||||||||").
             The game lasted 00:03:07 (500 turns).

emperorscorpion the Markscentaur (Centaur Hunter)    Turns: 500, Time: 00:03:08

Health: -3/71      AC: 10    Str: 16    XL:     8   Next: 4%
Magic:  7/10       EV:  6    Int: 10    God:    Okawaru [**....]
Gold:   0          SH:  0    Dex: 17    Spells: 7/7 levels left

rFire    . . .     SeeInvis .   a - +2 halberd (venom)
rCold    . . .     Gourm    .   (shield currently unavailable)
rNeg     . . .     Faith    .   t - +1 chain mail
rPois    .         Spirit   .   (no helmet)
rElec    .         Reflect  .   (no cloak)
rCorr    .         Harm     .   s - +0 pair of gloves
MR       .....     NoTele   +   (no barding)
Stlth    ..........             (no amulet)
HPRegen  0.21/turn              u - +3 ring of dexterity
MPRegen  0.12/turn              v - +3 ring of dexterity

@: hasted, very quick
A: large, hooves 3, deformed body, speed 2, tough skin 3
a: Heroism, Renounce Religion


You were in the Dungeon.
You worshipped Okawaru.
Okawaru was pleased with you.
You were not hungry.

You visited 1 branch

Inventory:

Hand Weapons
 a - a +2 halberd of venom (weapon)
 b - a +1 shortbow
 q - a +0 short sword
 r - a +2 rapier of venom
Armour
 c - a +0 leather armour
 s - a +0 pair of gloves (worn)
 t - a +1 chain mail (worn)
Magical Staves
 p - an uncursed staff of energy
Jewellery
 u - a +3 ring of dexterity (left hand)
 v - a +3 ring of dexterity (right hand)
Scrolls
 k - 2 scrolls of blinking
 m - 3 scrolls of remove curse
 n - 2 scrolls of amnesia
Potions
 e - 2 potions of curing
 i - 4 potions of magic
 j - a potion of invisibility
Comestibles
 f - a ration


   Skills:
 + Level 6.8 Fighting
 - Level 1.5 Short Blades
 + Level 3.0 Polearms
 + Level 16.3 Bows
 + Level 4.6 Armour
 + Level 4.1 Dodging
 + Level 1.3 Stealth
 + Level 0.8 Invocations
 + Level 3.2 Evocations


You had 7 spell levels left.
You didn't know any spells.

Dungeon Overview and Level Annotations

Branches:
Dungeon (1/1)

Altars:
Cheibriados
Dithmenos
Elyvilon
Fedhas
Gozag
Hepliaklqana
Kikubaaqudgha
Makhleb
Nemelex Xobeh
Okawaru
Qazlal
Ru
Sif Muna
Trog
Uskayaw
Vehumet
Wu Jian
Xom
Yredelemnul
Zin
The Shining One
Beogh
Jiyva
Lugonu


Innate Abilities, Weirdness & Mutations

You have hooves in place of feet.
Armour fits poorly on your strangely shaped body.
You cover ground very quickly.
You have extremely tough skin. (AC +3)


Message History

Unknown command.
Press < or > to pray at altars.
You slash the cyan ugly thing!
The cyan ugly thing is heavily wounded.
The cyan ugly thing engulfs you! The cyan ugly thing shocks you!
The cyan ugly thing engulfs you. The cyan ugly thing shocks you!
* * * LOW HITPOINT WARNING * * *
You feel much better. The cyan ugly thing engulfs you!
* * * LOW HITPOINT WARNING * * *
The cyan ugly thing shocks you!
* * * LOW HITPOINT WARNING * * *
You feel much better.
You carefully extract the barbed spikes from your body.
The crimson imp blinks!
The cyan ugly thing engulfs you! The cyan ugly thing shocks you!
* * * LOW HITPOINT WARNING * * *
You feel yourself speed up. The cyan ugly thing engulfs you.
* * * LOW HITPOINT WARNING * * *
The cyan ugly thing shocks you!
You die...

▓_▓
▓_▓
▓_▓
▓_▓
▓_▓
▓_▓
▓_▓
▓_▓
▓@▓
▓u▓
▓_▓
▓_▓
▓_▓
▓_▓
▓§▓
▓(▓
▓.▓


You could see a cyan ugly thing.

Vanquished Creatures
  A manticore (D)
  A hungry ghost (D)
  A water moccasin (D)
  A phantom (D)
  An ogre (D)
  A killer bee (D)
  A wight (D)
  2 howler monkeys (D)
  2 hounds (D)
  A jelly (D)
  A worker ant (D)
  An adder skeleton (D)
  A giant cockroach (D)
  A jackal (D)
  A frilled lizard (D)
  A giant cockroach zombie (D)
  A kobold (D)
  A rat (D)
20 creatures vanquished.

Vanquished Creatures (others)
  A spatial maelstrom (D)
1 creature vanquished.

Grand Total: 21 creatures vanquished

Notes
Turn   | Place    | Note
-------+----------+-------------------------------------------
     0 | D        | emperorscorpion the Centaur Hunter began the quest for the Orb.
     0 | D        | Reached XP level 1. HP: 17/17 MP: 1/1
     8 | D        | Reached skill level 6 in Bows
    14 | D        | Banished a spatial maelstrom
   128 | D        | Noticed a hound
   128 | D        | Noticed a howler monkey
   128 | D        | Noticed a worker ant
   149 | D        | Killed a hound
   149 | D        | Reached skill level 1 in Short Blades
   149 | D        | Reached skill level 8 in Bows
   149 | D        | Reached XP level 2. HP: 12/25 MP: 2/2
   149 | D        | Reached XP level 3. HP: 15/30 MP: 3/3
   152 | D        | Reached skill level 9 in Bows
   152 | D        | Reached XP level 4. HP: 20/38 MP: 4/4
   153 | D        | Reached skill level 10 in Bows
   153 | D        | Reached skill level 1 in Armour
   179 | D        | Found a roughly hewn altar of Beogh.
   179 | D        | Found a snail-covered altar of Cheibriados.
   179 | D        | Found a shadowy altar of Dithmenos.
   179 | D        | Found a white marble altar of Elyvilon.
   179 | D        | Found a blossoming altar of Fedhas.
   179 | D        | Found an opulent altar of Gozag.
   180 | D        | Found a hazy altar of Hepliaklqana.
   181 | D        | Found a viscous altar of Jiyva.
   182 | D        | Found an ancient bone altar of Kikubaaqudgha.
   183 | D        | Found a corrupted altar of Lugonu.
   184 | D        | Found a burning altar of Makhleb.
   185 | D        | Found a sparkling altar of Nemelex Xobeh.
   186 | D        | Found an iron altar of Okawaru.
   187 | D        | Found a stormy altar of Qazlal.
   188 | D        | Found a sacrificial altar of Ru.
   189 | D        | Found a deep blue altar of Sif Muna.
   190 | D        | Found a bloodstained altar of Trog.
   191 | D        | Found a hide-covered altar of Uskayaw.
   192 | D        | Found a radiant altar of Vehumet.
   193 | D        | Found an ornate altar of the Wu Jian Council.
   194 | D        | Became a worshipper of Warmaster Okawaru
   195 | D        | Found a shimmering altar of Xom.
   196 | D        | Found a basalt altar of Yredelemnul.
   197 | D        | Found a glowing silver altar of Zin.
   198 | D        | Found a glowing golden altar of the Shining One.
   248 | D        | Noticed a phantom
   248 | D        | Noticed a water moccasin
   254 | D        | Reached skill level 11 in Bows
   256 | D        | Reached skill level 12 in Bows
   256 | D        | Reached XP level 5. HP: 16/46 MP: 5/5
   257 | D        | Killed a water moccasin
   257 | D        | Reached skill level 13 in Bows
   257 | D        | Reached skill level 1 in Evocations
   257 | D        | Reached XP level 6. HP: 14/53 MP: 5/7
   264 | D        | Reached skill level 14 in Bows
   264 | D        | Reached skill level 1 in Stealth
   273 | D        | Reached skill level 5 in Fighting
   273 | D        | Reached skill level 1 in Polearms
   447 | D        | Noticed a hungry ghost
   447 | D        | Noticed a manticore
   447 | D        | Noticed a cyan ugly thing
   466 | D        | Reached * piety under Okawaru
   481 | D        | Killed a hungry ghost
   481 | D        | Reached skill level 15 in Bows
   481 | D        | Reached XP level 7. HP: 62/62 MP: 8/8
   493 | D        | Killed a manticore
   493 | D        | Reached skill level 16 in Bows
   493 | D        | Reached XP level 8. HP: 60/71 MP: 6/10
   495 | D        | Reached ** piety under Okawaru
   500 | D        | Slain by a cyan ugly thing

Vault maps used:
D:        linesprint

Skill      XL: |  1  2  3  4  5  6  7  8 |
---------------+-------------------------+-----
Bows           | 8 9 12 13 15 16 | 16.3
Short Blades   | 1 |  1.5
Dodging        | 2 3 4 |  4.1
Fighting       | 3 4 5 6 |  6.8
Armour         | 1 2 3 4 |  4.6
Evocations     | 1 2 3 |  3.2
Stealth        | 1 |  1.3
Polearms       | 2 3 |  3.0
Invocations    | |  0.8

Action                   |  1- 3 |  4- 6 |  7- 9 || total
-------------------------+-------+-------+-------++-------
Melee: Short sword       |    22 |     3 |       ||    25
       Kick              |     5 |     4 |       ||     9
       Halberd           |       |     7 |     1 ||     8
 Fire: Shortbow          |     4 |    15 |     9 ||    28
Invok: Heroism           |       |       |     1 ||     1
Evoke: Wand              |       |     6 |     4 ||    10
  Use: Potion            |     1 |     4 |     3 ||     8
Armor: Leather armour    |    10 |       |       ||    10
       Chain mail        |       |     8 |       ||     8
Dodge: Dodged            |     7 |     5 |       ||    12

Table legend:
 A = Spawn XP
 B = Non-spawn XP
 C = Spawn XP percentage of total XP
 D = Spawn monster count
 E = Non-spawn monster count
 F = Spawn count percentage of total count
 G = Total turns spent on level
                    A         B        C        D         E        F      G
               +---------+---------+-------+---------+---------+-------+---------
         Total |       0 |    1493 |   0.0 |       0 |      20 |   0.0 |   500
               +---------+---------+-------+---------+---------+-------+---------
             D |       0 |    1493 |   0.0 |       0 |      20 |   0.0 |   500
               +---------+---------+-------+---------+---------+-------+---------
